[Event "*** SCC Grand Prix: Titled Tuesday Blitz"]
[Site "Chess.com"]
[Date "2020.06.02"]
[Round "9"]
[White "Ave_Mariia"]
[Black "Girkassa"]
[Result "0-1"]
[WhiteElo "2321"]
[BlackElo "2545"]
[TimeControl "180+1"]
[EndTime "11:46:42 PDT"]
[Termination "Girkassa won by checkmate"]

1. c4 e6 2. g3 d5 3. Nf3 Nf6 4. Bg2 Be7 5. O-O O-O 6. d4 dxc4 7. Qc2 a6 8. a4 Bd7 9. Qxc4 Bc6 10. Bf4 a5 11. Rd1 Na6 12. Nc3 Nb4 13. Ne5 Bxg2 14. Kxg2 Nfd5 15. Nxd5 exd5 16. Qc3 Rc8 17. Nd3 Qd7 18.
Nc5 Qc6 19. f3 Rfe8 20. Rac1 Na2 21. Qxa5 Nxc1 22. Rxc1 b6 23. Qa6 Ra8 24. Qb7 Qf6 25. Nb3 Bd6 26. Bxd6 Qxd6 27. Rc2 Rxa4 28. e4 dxe4 29.
fxe4 c5 30. dxc5 Qd3 31. Rc3 Qe2+ 32. Kh3 Raxe4 33. c6 Qf1# 0-1

[Event "*** SCC Grand Prix: Titled Tuesday Blitz"]
[Site "Chess.com"]
[Date "2020.06.02"]
[Round "9"]
[White "konradrutkowski"]
[Black "manitodeplomo"]
[Result "0-1"]
[WhiteElo "2370"]
[BlackElo "2620"]
[TimeControl "180+1"]
[EndTime "11:46:43 PDT"]
[Termination "manitodeplomo won on time"]

1. e4 g6 2. d4 Bg7 3. Nc3 c5 4. d5 d6 5. Nf3 Nf6 6. h3 O-O 7.
Be2 b5 8. Nd2 b4 9. Ncb1 e6 10.
c4 a5 11. O-O a4 12. a3 Bd7 13. Bd3 Na6 14. f4 Qc7 15. Nf3 exd5 16. exd5 Rfe8 17. Nbd2 b3 18. Ng5 h6 19. Nge4 Nxe4 20. Nxe4 f5 21. Nc3 Re7 22. Nb5 Qb6 23. Kh2 Rae8 24. Rb1 Bxb5 25.
cxb5 Nc7 26. Bd2 Nxb5 27. Rc1 Bxb2 28. Rc4 Ra8 29. g4 Nxa3 30. gxf5 Nxc4 31. Qg4 Nxd2 32.
Qxg6+ Bg7 33. f6 Nxf1+ 34. Kg2 Ne3+ 35. Kf3 Qb7 36. Qh7+ Kf8 37. fxg7+ Rxg7 38. Qxh6 Kg8 39. f5 Qf7 40. Qxe3 Re8 41. Be4 b2 0-1

[Event "*** SCC Grand Prix: Titled Tuesday Blitz"]
[Site "Chess.com"]
[Date "2020.06.02"]
[Round "9"]
[White "Kensei26"]
[Black "NefeLV"]
[Result "1-0"]
[WhiteElo "2236"]
[BlackElo "1767"]
[TimeControl "180+1"]
[EndTime "11:46:44 PDT"]
[Termination "Kensei26 won by resignation"]

1. e4 e6 2. d4 d5 3. Nc3 Nf6 4. e5 Nfd7 5. f4 c5 6. Nf3 Nc6 7. Be3 cxd4 8. Nxd4 Qb6 9. Qd2 Nxd4 10. Bxd4 Bc5 11. Na4 Bb4 12. c3 Qa5 13. cxb4 Qxa4 14. Bd3 f5 15. O-O O-O 16. g4 a5 17. gxf5 exf5 18.
e6 Nf6 19. Bxf5 Qxb4 20. Bc3 Qb6+ 21. Kh1 Bxe6 22. Bxe6+ Qxe6 23. f5 Qe4+ 24. Qg2 Ng4 25. Qxe4 dxe4 26. Rae1 Rae8 27. h3 Nf6 28. Rf4 e3 29.
Rf3 Nd5 30. Bxa5 Ra8 31. Bc3 Rxa2 32. Rg1 Rf7 33. f6 g6 34. Bd4 e2 35. Rc1 Rd7 36.
f7+ Kf8 37. Rc8+ Ke7 38. f8=Q+ Ke6 39. Re8+ Ne7 40. Qf6+ Kd5 41. Rxe7 1-0

[Event "*** SCC Grand Prix: Titled Tuesday Blitz"]
[Site "Chess.com"]
[Date "2020.06.02"]
[Round "9"]
[White "LittlePeasant"]
[Black "MarcoRiehle"]
[Result "1-0"]
[WhiteElo "2801"]
[BlackElo "2638"]
[TimeControl "180+1"]
[EndTime "11:46:45 PDT"]
[Termination "LittlePeasant won by resignation"]

1. Nf3 Nf6 2. c4 c5 3. g3 d5 4. cxd5 Nxd5 5. Nc3 Nc7 6. d4 Nc6 7. d5 Nb4 8. e4 e6 9. a3 Nba6 10. Bg2 exd5 11. exd5 Bd6 12. O-O O-O 13. Ne4 Ne8 14.
Bg5 Qb6 15. Re1 Nac7 16. Rc1 Bg4 17. Qd2 f6 18. Be3 Qb3 19. Nxc5 Qxd5 20. Nd4 Qf7 21. Nxb7 Be5 22. Nc6 Rc8 23. Nxa7 Rb8 24. Nc6 Rc8 25. a4 Kh8 26. a5 Na6 27. b4 Qxb7 28. Nxe5 Qxg2+ 29. Kxg2 Rxc1 30. Qxc1 fxe5 31. b5 Nb4 32. Qc5 Bf3+ 33.
Kg1 Rf6 34. Qxb4 h5 35. h4 e4 36. Qe7 1-0

[Event "*** SCC Grand Prix: Titled Tuesday Blitz"]
[Site "Chess.com"]
[Date "2020.06.02"]
[Round "9"]
[White "chenxiaoyuer"]
[Black "AcostaPablo"]
[Result "1-0"]
[WhiteElo "2362"]
[BlackElo "2592"]
[TimeControl "180+1"]
[EndTime "11:46:45 PDT"]
[Termination "chenxiaoyuer won by checkmate"]

1. e4 c5 2. Nf3 e6 3. d4 cxd4 4. Nxd4 Nc6 5. Nc3 Qc7 6. Be3 a6 7. Be2 Nf6 8. O-O Be7 9. f4 d6 10. a4 O-O 11. Kh1 Bd7 12. Nb3 b6 13. Bf3 Rab8 14.
g4 Rfd8 15. g5 Ne8 16. Bg2 Bf8 17. Qh5 Na5 18. Nd2 g6 19. Qh4 Nc4 20. Nxc4 Qxc4 21. Rf3 Bg7 22. Rh3 b5 23. Qxh7+ Kf8 24. axb5 axb5 25.
Bf1 Qc6 26. Bd3 b4 27. Ne2 Bxb2 28. Rf1 b3 29. f5 exf5 30. Nd4 Qb7 31. Qh8+ Ke7 32.
Kg1 fxe4 33. Rxf7+ Kxf7 34. Rh7+ Ng7 35. Rxg7# 1-0

[Event "*** SCC Grand Prix: Titled Tuesday Blitz"]
[Site "Chess.com"]
[Date "2020.06.02"]
[Round "9"]
[White "Bigfish1995"]
[Black "SantoBlue"]
[Result "1-0"]
[WhiteElo "3001"]
[BlackElo "2796"]
[TimeControl "180+1"]
[EndTime "11:46:47 PDT"]
[Termination "Bigfish1995 won by checkmate"]

1. e4 d6 2. d4 Nf6 3. Nc3 e5 4. Nf3 Nbd7 5. Rg1 c6 6. g4 exd4 7.
Nxd4 Nc5 8. f3 g6 9. Be3 Bg7 10. Qd2 O-O 11. O-O-O Qa5 12. Kb1 Ne6 13. Nf5 gxf5 14.
gxf5 Kh8 15. fxe6 Bxe6 16. Rxg7 Kxg7 17. Bd4 Qh5 18. Qf4 Qg6 19. Bd3 Rg8 20. Rg1 Kf8 21. Rxg6 Rxg6 22. Qxd6+ Kg8 23. Qf4 Rd8 24. Bxa7 Nd7 25.
Bf2 Nf6 26. b3 Nh5 27. Qh4 Rxd3 28. cxd3 Bxb3 29. axb3 Rg1+ 30. Bxg1 Ng3 31. hxg3 Kh8 32. Qf6+ Kg8 33. Bd4 h6 34. Qg7# 1-0

[Event "*** SCC Grand Prix: Titled Tuesday Blitz"]
[Site "Chess.com"]
[Date "2020.06.02"]
[Round "9"]
[White "abhidabhi"]
[Black "jlandaw"]
[Result "1-0"]
[WhiteElo "2713"]
[BlackElo "2536"]
[TimeControl "180+1"]
[EndTime "11:46:47 PDT"]
[Termination "abhidabhi won on time"]

1. Nf3 Nf6 2. g3 d5 3. Bg2 c5 4. O-O Nc6 5. d4 e6 6. c4 cxd4 7. Nxd4 Be7 8. Nc3 O-O 9. cxd5 exd5 10. Bf4 a6 11. Rc1 Bg4 12. h3 Bh5 13. Nf5 d4 14.
Bxc6 dxc3 15. Bxb7 cxb2 16. Rb1 Ra7 17. Rxb2 Bc5 18.
Qxd8 Rxd8 19. Rc1 Ba3 20. Rcb1 Bxb2 21. Rxb2 Bxe2 22. Ne7+ Kh8 23. Nc6 Rd1+ 24. Kg2 Rxb7 25. Rxb7 h6 26. Ne5 Bb5 27. Rxf7 Ne4 28. f3 Nc3 29. g4 Ra1 30. Ng6+ Kh7 31. Be5 Rxa2+ 32. Kg3 1-0

[Event "*** SCC Grand Prix: Titled Tuesday Blitz"]
[Site "Chess.com"]
[Date "2020.06.02"]
[Round "9"]
[White "TengisChess"]
[Black "atwalcb"]
[Result "1-0"]
[WhiteElo "2497"]
[BlackElo "2371"]
[TimeControl "180+1"]
[EndTime "11:46:47 PDT"]
[Termination "TengisChess won by resignation"]

1. Nf3 d5 2. Nc3 Nf6 3. d4 Bf5 4. h3 c6 5. g4 Bg6 6. Bf4 Nbd7 7. e3 Ne4 8. Nxe4 Bxe4 9. Bg2 e6 10. O-O Be7 11.
c3 h5 12. Ne5 Nxe5 13. Bxe5 Bxg2 14. Kxg2 f6 15. Bg3 Bd6 16. gxh5 Bxg3 17. fxg3 Qe7 18. g4 O-O-O 19. Qf3 e5 20. Rae1 e4 21. Qf5+ Qd7 22. b3 Qxf5 23. Rxf5 Kd7 24. Kg3 Ke6 25. c4 Rd7 26.
Rc1 Rc8 27. cxd5+ Rxd5 28. Rxd5 Kxd5 29. Rc5+ Kd6 30. Kf4 Re8 31. Rf5 b6 32. h6 g5+ 33.
Kg3 Ke6 34. h4 Rh8 35. hxg5 fxg5 36. Rxg5 Rxh6 37. Re5+ Kd6 38. Rxe4 Rh1 39. Rf4 Re1 40. Rf3 Re2 41. Kf4 Rxa2 42. g5 Ke6 43. Rg3 Rf2+ 44.
Ke4 a5 45. g6 Rf8 46. g7 Rg8 47.
Rg6+ Kf7 48. Rxc6 Kxg7 49. Rxb6 Rc8 50. Kd3 Kf7 51. d5 Ke7 52. Kd4 Kd7 53. e4 Rc1 54.
Ra6 Rb1 55. Rxa5 Rxb3 56. Ra7+ Kd8 57. Ke5 Rb6 58. d6 Rb4 59. Kd5 Rb5+ 60. Ke6 Rb8 61. Rh7 Kc8 62. Rh8+ 1-0

[Event "*** SCC Grand Prix: Titled Tuesday Blitz"]
[Site "Chess.com"]
[Date "2020.06.02"]
[Round "9"]
[White "Mikasinski"]
[Black "OrtizMarcos"]
[Result "1-0"]
[WhiteElo "2465"]
[BlackElo "2328"]
[TimeControl "180+1"]
[EndTime "11:46:47 PDT"]
[Termination "Mikasinski won by checkmate"]

1. e4 c6 2. d4 d5 3. e5 c5 4.
dxc5 e6 5. Nf3 Bxc5 6. Bd3 Ne7 7.
O-O Ng6 8. Nbd2 O-O 9. Nb3 Bb6 10.
Re1 Nc6 11. c3 Qc7 12. Be3 Bxe3 13. Rxe3 Ncxe5 14. Nxe5 Nxe5 15. Bxh7+ Kxh7 16. Qh5+ Kg8 17. Rxe5 f6 18. Re3 e5 19. Rd1 Be6 20. Rg3 b6 21. h4 Rfd8 22. Rdd3 Qf7 23. Rg6 Rd7 24. Rdg3 Qf8 25. Nd2 a5 26. Nf3 Raa7 27. Nxe5 fxe5 28. Rxe6 Rf7 29. Qxe5 Qc5 30. Re8+ Kh7 31. Qh5# 1-0

[Event "*** SCC Grand Prix: Titled Tuesday Blitz"]
[Site "Chess.com"]
[Date "2020.06.02"]
[Round "9"]
[White "Oglob71"]
[Black "Boninknights"]
[Result "1-0"]
[WhiteElo "2515"]
[BlackElo "2391"]
[TimeControl "180+1"]
[EndTime "11:46:48 PDT"]
[Termination "Oglob71 won by resignation"]

1. d4 Nf6 2. Nf3 d6 3. c4 g6 4. Nc3 Bg7 5. Bg5 O-O 6. e3 c5 7.
d5 h6 8. Bh4 Bg4 9. Be2 Bxf3 10. Bxf3 Nbd7 11. O-O a6 12. a4 Qa5 13. Ra3 Rfe8 14.
Bg3 Rab8 15. h3 Ne5 16. Bxe5 dxe5 17. Qc2 e6 18. Rd1 exd5 19. Nxd5 Nxd5 20. Bxd5 Kf8 21. h4 Rbd8 22. h5 e4 23. hxg6 fxg6 24. Raa1 Qb4 25.
Rab1 b5 26. axb5 axb5 27. cxb5 Qxb5 28. Bxe4 Rxd1+ 29. Rxd1 Qxb2 30. Qxc5+ Kg8 31. Bxg6 Rf8 32. Rf1 Qf6 33. Bb1 Qe5 34. Qc4+ Kh8 35. Qd3 Kg8 36. g3 Rf3 37. Kg2 Rf6 38. Qc4+ Kf8 39. Rd1 Ke7 40. Qb4+ Kf7 41. Qb3+ Kf8 1-0

[Event "*** SCC Grand Prix: Titled Tuesday Blitz"]
[Site "Chess.com"]
[Date "2020.06.02"]
[Round "9"]
[White "GMKrikor"]
[Black "JesseKraai"]
[Result "1/2-1/2"]
[WhiteElo "2716"]
[BlackElo "2446"]
[TimeControl "180+1"]
[EndTime "11:46:49 PDT"]
[Termination "Game drawn by repetition"]

1. e4 e6 2. d4 d5 3. Nc3 Nf6 4. e5 Nfd7 5. f4 c5 6. Nf3 Nc6 7. Be3 cxd4 8. Nxd4 Bc5 9. Qd2 O-O 10. g3 a6 11. Bg2 Nxd4 12. Bxd4 b5 13. O-O b4 14. Ne2 a5 15. Rfe1 Qc7 16. Qe3 Bb7 17. Bxc5 Nxc5 18. Nd4 Ne4 19. a3 Rfc8 20. Rec1 Qc5 21.
axb4 Qxb4 22. Bxe4 dxe4 23. c3 Qc5 24. Kf2 Bd5 25. Rc2 a4 26. Ra3 Rcb8 27. Nf5 Qc7 28. Nd6 Rb3 29. Rxb3 axb3 30. Rd2 Qc6 31. Qd4 Ra4 32. c4 Bxc4 33. Nxc4 h6 34. Qd8+ Kh7 35. Ne3 Qc1 36. Nd1 Qc5+ 37. Ne3 Qc1 38. Nd1 Qc5+ 39. Ne3 Qc1 1/2-1/2

[Event "*** SCC Grand Prix: Titled Tuesday Blitz"]
[Site "Chess.com"]
[Date "2020.06.02"]
[Round "9"]
[White "Quiet_Desperation"]
[Black "kot60"]
[Result "0-1"]
[WhiteElo "2110"]
[BlackElo "2444"]
[TimeControl "180+1"]
[EndTime "11:46:49 PDT"]
[Termination "kot60 won by resignation"]

1. e4 e5 2. Nf3 Nc6 3. Bc4 Be7 4. d4 d6 5. c3 Nf6 6. Nbd2 O-O 7. h3 Nxe4 8. Bxf7+ Rxf7 9. Nxe4 d5 10. Neg5 Bxg5 11. Nxg5 Rf8 12. dxe5 Nxe5 13. f4 Ng6 14. O-O h6 15.
Nf3 Nxf4 16. Nd4 Ne6 17. Be3 Rxf1+ 18. Qxf1 Qf8 19. Qd3 c6 20. Rf1 Qe8 21. Nf5 Nf8 22. Nxg7 Kxg7 23. Bd4+ Kg8 24. Rxf8+ Kxf8 25. Qh7 Qf7 26.
Qxh6+ Ke8 27. Qd6 Be6 28. h4 Rd8 29. Qe5 Qf5 30. Qg7 Bf7 31. h5 0-1

[Event "*** SCC Grand Prix: Titled Tuesday Blitz"]
[Site "Chess.com"]
[Date "2020.06.02"]
[Round "9"]
[White "Borsuk_Konstantin"]
[Black "frankshar"]
[Result "1-0"]
[WhiteElo "2556"]
[BlackElo "2380"]
[TimeControl "180+1"]
[EndTime "11:46:50 PDT"]
[Termination "Borsuk_Konstantin won by resignation"]

1. d4 Nf6 2. c4 e6 3. Nc3 Bb4 4.
Qc2 Nc6 5. e3 e5 6. d5 Ne7 7. a3 Bxc3+ 8. Qxc3 d6 9. f3 e4 10. b3 O-O 11. Bb2 c6 12. fxe4 Ng6 13. Nf3 Re8 14. Bd3 Ne5 15. Bc2 Bg4 16. O-O Nfd7 17.
Nd4 c5 18. Nf5 Bxf5 19. Rxf5 f6 20. Raf1 Qe7 21. Bc1 Rab8 22. Bd2 b5 23. h3 bxc4 24. bxc4 Nb6 25. Bb3 Qb7 26. Ba2 Qa6 27. Be1 Nbxc4 28.
Bxc4 Qxc4 29. Rxe5 Qxf1+ 30. Kxf1 Rxe5 31. Bg3 Rxe4 32. Bxd6 Rb1+ 33. Kf2 1-0

[Event "*** SCC Grand Prix: Titled Tuesday Blitz"]
[Site "Chess.com"]
[Date "2020.06.02"]
[Round "9"]
[White "Gerodot71"]
[Black "DvaHrasta"]
[Result "1-0"]
[WhiteElo "2389"]
[BlackElo "2476"]
[TimeControl "180+1"]
[EndTime "11:46:52 PDT"]
[Termination "Gerodot71 won on time"]

1. d4 Nf6 2. c4 e6 3. Nf3 b6 4. a3 Bb7 5. Nc3 d5 6. cxd5 exd5 7.
Qc2 a6 8. Bg5 h6 9. Bh4 Nbd7 10.
e3 Bd6 11. Bd3 O-O 12. O-O-O c5 13. g4 c4 14. Be2 b5 15. Rdg1 Qb6 16. g5 hxg5 17.
Bxg5 a5 18. Bh6 Ne8 19. Ng5 Ndf6 20. Rg2 b4 21. Na4 Qc6 22. Rhg1 Kh8 23. Bxg7+ Nxg7 24. Nh7 Nxh7 25. Rxg7 f5 26. Bd1 bxa3 27. Qe2 axb2+ 28.
Kb1 Qe8 29. Nb6 Qe4+ 30. Bc2 Qh4 31. Nxa8 Bxa8 32. Bxf5 a4 33. Rxh7+ Qxh7 34. Bxh7 Rf7 35. Qh5 Rg7 36. Rxg7 Kxg7 37. Qg6+ Kf8 38. Qxd6+ 1-0

[Event "*** SCC Grand Prix: Titled Tuesday Blitz"]
[Site "Chess.com"]
[Date "2020.06.02"]
[Round "9"]
[White "Lestofante90"]
[Black "AndrewMaco"]
[Result "1-0"]
[WhiteElo "2819"]
[BlackElo "2648"]
[TimeControl "180+1"]
[EndTime "11:46:53 PDT"]
[Termination "Lestofante90 won by resignation"]

1. e4 c6 2. d4 d5 3. exd5 cxd5 4. c4 Nf6 5. Nc3 g6 6. cxd5 Bg7 7. Nf3 O-O 8. Bc4 Nbd7 9. O-O Nb6 10. Bb3 Nbxd5 11.
Re1 b6 12. Ne5 Bb7 13. Bg5 h6 14. Bxf6 Bxf6 15. Qf3 e6 16. Nxd5 Bxd5 17. Bxd5 exd5 18. Rac1 Re8 19. h4 h5 20. Rc6 Kg7 21. g3 Bxe5 22. dxe5 Re6 23. Rxe6 fxe6 24. Rc1 Rc8 25. Qf6+ Kh7 26.
Qxd8 Rxd8 27. Rc7+ Kh6 28. Rxa7 d4 29. Kf1 g5 30.
Re7 gxh4 31. gxh4 Kg6 32. Rxe6+ Kf5 33. Rd6 Rc8 34. Rxd4 Kxe5 35. Rb4 Rc6 36. Rb5+ Kf4 37. Rxh5 Kg4 38. Rg5+ Kxh4 39. Rg3 Rc1+ 40. Kg2 Rc6 41. Kf3 Rc2 42. Rg4+ Kh5 43. Rb4 Rc6 44. Ke4 Re6+ 45.
Kd5 Rf6 46. f4 Kg4 47. Rc4 1-0

[Event "*** SCC Grand Prix: Titled Tuesday Blitz"]
[Site "Chess.com"]
[Date "2020.06.02"]
[Round "9"]
[White "Sanan_Sjugirov"]
[Black "VladimirBelous"]
[Result "0-1"]
[WhiteElo "2893"]
[BlackElo "2769"]
[TimeControl "180+1"]
[EndTime "11:46:55 PDT"]
[Termination "VladimirBelous won by resignation"]

1. e4 c5 2. Nf3 Nc6 3. Bb5 d6 4. O-O Bd7 5. Re1 g6 6. c3 a6 7. Bc4 b5 8. Bd5 Bg7 9. d4 cxd4 10. cxd4 e6 11. Bxc6 Bxc6 12. d5 Bd7 13. e5 dxe5 14. Nxe5 Ne7 15. Nxd7 Qxd7 16. dxe6 Qxd1 17.
exf7+ Kxf7 18. Rxd1 Rhd8 19. Rf1 Rac8 20. Nd2 Rxc1 21.
Raxc1 Rxd2 22. b3 Rxa2 23. Rc7 Bd4 24. Rd7 Rd2 25. Kh1 Rxf2 26. Re1 Bf6 27. Ra7 b4 28. Rxa6 Bc3 29. Rb1 h5 30. h3 Nf5 31. Ra7+ Ke6 32.
Ra6+ Kf7 33. Ra7+ Kf6 34. Ra6+ Kg5 35. Rd1 Rb2 36. Kh2 Rxb3 37. Rd5 Rb2 38. h4+ Kh6 39.
Rxg6+ Kxg6 0-1

[Event "*** SCC Grand Prix: Titled Tuesday Blitz"]
[Site "Chess.com"]
[Date "2020.06.02"]
[Round "9"]
[White "Dr-Bassem"]
[Black "grzechu96"]
[Result "1-0"]
[WhiteElo "2806"]
[BlackElo "2641"]
[TimeControl "180+1"]
[EndTime "11:46:56 PDT"]
[Termination "Dr-Bassem won by resignation"]

1. e4 e5 2. Nf3 Nc6 3. Bc4 Nf6 4.
d3 Be7 5. O-O O-O 6. Re1 d6 7.
a4 Na5 8. Ba2 c5 9. c3 Nc6 10. Na3 a6 11. Bd2 h6 12. h3 Re8 13.
b4 cxb4 14. cxb4 d5 15. exd5 Nxb4 16. Bc4 Nbxd5 17. Nxe5 Be6 18. Qb3 Rb8 19. a5 Bc5 20. Nc2 b5 21. axb6 Bxb6 22. Nc6 Bxf2+ 23. Kxf2 Rxb3 24. Nxd8 Rb2 25. Nxe6 Rxc2 26. Re2 Rxe6 27. Rxe6 fxe6 28. Ke1 Nc7 29. Rb1 Ne4 30. Bf4 Ne8 31. Bxe6+ 1-0

[Event "*** SCC Grand Prix: Titled Tuesday Blitz"]
[Site "Chess.com"]
[Date "2020.06.02"]
[Round "9"]
[White "karinachess1"]
[Black "Giraffe_Chess"]
[Result "1-0"]
[WhiteElo "2503"]
[BlackElo "2379"]
[TimeControl "180+1"]
[EndTime "11:46:56 PDT"]
[Termination "karinachess1 won by checkmate"]

1. Nf3 f5 2. d4 Nf6 3. Bg5 e6 4. Nbd2 Be7 5. Bxf6 Bxf6 6. e4 fxe4 7. Nxe4 O-O 8. Bd3 b6 9. Qe2 Bb7 10. c3 Nc6 11. O-O-O a5 12. h4 a4 13. a3 Na5 14.
Kb1 Be7 15. Neg5 h6 16. Nxe6 dxe6 17. Qxe6+ Rf7 18. Bg6 Kh8 19. Bxf7 Qf8 20. Bg6 Ba6 21. Ne5 Qf6 22. Nf7+ Kg8 23. Nxh6+ Kh8 24. Nf7+ Kg8 25. Ng5+ Kh8 26. Be4 Rf8 27. Qg4 Kg8 28. Qh5 Qh6 29. Bd5+ Kh8 30. Nf7+ Kh7 31. Nxh6 gxh6 32. Be4+ Kg7 33.
Qg6+ Kh8 34. Qh7# 1-0

[Event "*** SCC Grand Prix: Titled Tuesday Blitz"]
[Site "Chess.com"]
[Date "2020.06.02"]
[Round "9"]
[White "TigrVShlyape"]
[Black "francyIM"]
[Result "0-1"]
[WhiteElo "2868"]
[BlackElo "2698"]
[TimeControl "180+1"]
[EndTime "11:46:57 PDT"]
[Termination "francyIM won by resignation"]

1. d4 Nf6 2. Nf3 e6 3. Bf4 b6 4.
e3 Bb7 5. h3 c5 6. Nbd2 Be7 7. a4 a6 8. Bd3 O-O 9. O-O d6 10. Bh2 cxd4 11. exd4 Nbd7 12. a5 b5 13. c4 bxc4 14. Nxc4 Ne8 15. Qe2 Ndf6 16. Nb6 Ra7 17. Nd2 Nc7 18. Rfc1 Ncd5 19. Ndc4 Nxb6 20. Nxb6 Nd5 21.
Nc4 Bg5 22. Bxd6 Bxc1 23. Rxc1 Qg5 24. Qf1 Rc8 25. Bc5 Nf4 26. Ne3 Nxh3+ 27. Kh2 Nf4 28. Bb1 Qh5+ 29. Kg1 Ne2+ 30. Qxe2 Qxe2 31. b4 Raa8 32.
Bc2 Qh5 33. Bd1 Qg5 34. Rc3 Rd8 35. Be2 h5 36. Bf1 h4 37. Nc4 Rac8 38. Nb6 Rc7 39. Re3 Qg6 40. Kh2 Qf6 41. Kg1 Rxd4 42. Bxd4 Qxd4 43. Rd3 Qxb4 44. Rd8+ Kh7 45. Nd7 Be4 0-1

[Event "*** SCC Grand Prix: Titled Tuesday Blitz"]
[Site "Chess.com"]
[Date "2020.06.02"]
[Round "9"]
[White "dosto07"]
[Black "j_coca"]
[Result "1-0"]
[WhiteElo "2090"]
[BlackElo "2155"]
[TimeControl "180+1"]
[EndTime "11:46:58 PDT"]
[Termination "dosto07 won on time"]

1. e4 g6 2. d4 Bg7 3. Nc3 d6 4.
Nf3 Nh6 5. Be2 O-O 6. O-O Kh8 7.
Bf4 Nc6 8. Qd2 Ng8 9. h3 f6 10.
Rad1 e5 11. Be3 Qe8 12. Nd5 Rf7 13. dxe5 fxe5 14. Bc4 h6 15. Qe2 Be6 16. Nh4 Rd7 17. f4 exf4 18. Nxg6+ Kh7 19. Ngxf4 Bf7 20. Nc3 Bxc4 21.
Qxc4 Ne5 22. Qe6 Re7 23. Qf5+ Kh8 24. Ncd5 Rf7 25. Qh5 c6 26. Nc3 Nf6 27. Qe2 Re7 28. Rxd6 Nh7 29. Nh5 Nf7 30. Nxg7 Kxg7 31. Qg4+ Nhg5 32.
Rd2 Ne5 33. Qg3 Kh7 34. Rdf2 1-0

[Event "*** SCC Grand Prix: Titled Tuesday Blitz"]
[Site "Chess.com"]
[Date "2020.06.02"]
[Round "9"]
[White "nihalsarin"]
[Black "DLR7"]
[Result "1/2-1/2"]
[WhiteElo "2979"]
[BlackElo "2678"]
[TimeControl "180+1"]
[EndTime "11:46:59 PDT"]
[Termination "Game drawn by repetition"]

1. d4 Nf6 2. Bf4 d5 3. e3 c5 4. dxc5 Nc6 5. Bb5 e6 6. b4 Bd7 7. c3 a5 8. Qb3 Rc8 9. Nf3 Ne4 10. Nbd2 g5 11. Bg3 Nxg3 12. hxg3 Bg7 13. Rc1 g4 14. Nd4 axb4 15. Bxc6 bxc6 16. cxb4 e5 17. Ne2 O-O 18. O-O Rb8 19. a4 f5 20. b5 Qf6 21. b6 Qh6 22. a5 Bc8 23. Nc3 f4 24. exf4 exf4 25. gxf4 g3 26. Nf3 Rxf4 27. Nxd5 cxd5 28.
Qxd5+ Be6 29. Qd6 Rxf3 30. Qxb8+ Kf7 31. Qb7+ Kg8 32. Qb8+ Kf7 33. Qb7+ Kg8 34. Qb8+ 1/2-1/2

[Event "*** SCC Grand Prix: Titled Tuesday Blitz"]
[Site "Chess.com"]
[Date "2020.06.02"]
[Round "9"]
[White "Kirill_Klukin"]
[Black "rubhani"]
[Result "1-0"]
[WhiteElo "2730"]
[BlackElo "2588"]
[TimeControl "180+1"]
[EndTime "11:47:00 PDT"]
[Termination "Kirill_Klukin won by resignation"]

1. d4 d5 2. Nf3 Nf6 3. c4 c6 4.
Nbd2 e6 5. e3 c5 6. cxd5 Nxd5 7.
Be2 Nc6 8. dxc5 Bxc5 9. O-O O-O 10. a3 Be7 11. Nc4 Bd7 12. Bd2 Nb6 13. Rc1 Nxc4 14. Bxc4 Rc8 15. b4 Qb6 16. Qb3 Rfd8 17. Rfd1 Be8 18.
h3 Bf6 19. a4 a6 20. a5 Qc7 21. e4 h6 22. Be3 Rxd1+ 23. Qxd1 Rd8 24. Qe1 Qd7 25.
Bb6 Rc8 26. e5 Bd8 27. Rd1 Qe7 28. Bc5 Qc7 29. Bd6 Qd7 30. Ba2 Ne7 31. Bc5 Qa4 32. Ra1 Qc2 33. Bb1 Qc4 34. Nd2 Qd5 35. Be4 Qd7 36. Nc4 Bc7 37. Rd1 Qb5 38. Bd3 Qa4 39.
Bxe7 1-0

[Event "*** SCC Grand Prix: Titled Tuesday Blitz"]
[Site "Chess.com"]
[Date "2020.06.02"]
[Round "9"]
[White "Jenia84"]
[Black "MashaFromRussia"]
[Result "1-0"]
[WhiteElo "2253"]
[BlackElo "2381"]
[TimeControl "180+1"]
[EndTime "11:47:00 PDT"]
[Termination "Jenia84 won on time"]

1. Nf3 Nf6 2. b3 g6 3. Bb2 Bg7 4. e3 O-O 5. c4 d6 6. Nc3 e5 7.
Be2 Nc6 8. d3 Be6 9. O-O d5 10.
cxd5 Nxd5 11. Nxd5 Bxd5 12. Rc1 Qe7 13. Qc2 Rad8 14.
e4 Be6 15. Rfd1 Rd7 16. a3 Rfd8 17. b4 a6 18. h3 f6 19. Bc3 Qf7 20. Qb2 Bh6 21. Rb1 Nd4 22. Nxd4 exd4 23. Bd2 Bxd2 24. Qxd2 c6 25. f4 f5 26. Bf3 fxe4 27. Bxe4 Bd5 28. Re1 Rf8 29. Bxd5 Rxd5 30. Re4 Rf5 31. Rf1 Qd5 32.
g4 R5f7 33. Qf2 Rd8 34. Rfe1 Kg7 35. Qh4 Rdd7 36. g5 Rf8 37. Qh6+ Kg8 38. Re7 Rxe7 39. Rxe7 1-0

[Event "*** SCC Grand Prix: Titled Tuesday Blitz"]
[Site "Chess.com"]
[Date "2020.06.02"]
[Round "9"]
[White "mirochka"]
[Black "ItsCheckM8Mate"]
[Result "0-1"]
[WhiteElo "2158"]
[BlackElo "2247"]
[TimeControl "180+1"]
[EndTime "11:47:00 PDT"]
[Termination "ItsCheckM8Mate won on time"]

1. e4 e5 2. Nf3 Nc6 3. d4 exd4 4. c3 d3 5. Bxd3 d5 6. exd5 Qxd5 7.
O-O Nf6 8. Re1+ Be7 9. Bg5 Be6 10. c4 Qd7 11. Nc3 O-O-O 12. Bf1 Bb4 13. Qb3 Bg4 14. Nd5 Bxe1 15. Rxe1 Qd6 16. Nxf6 gxf6 17. c5 Qxc5 18.
Bxf6 Bxf3 19. Bxh8 Bd5 20. Qc3 Qd6 21. Bb5 Rg8 22. g3 a6 23. Bxc6 Bxc6 24. Qe5 Qd2 25. Bf6 Kb8 0-1

[Event "*** SCC Grand Prix: Titled Tuesday Blitz"]
[Site "Chess.com"]
[Date "2020.06.02"]
[Round "9"]
[White "wild_cat99"]
[Black "chito89"]
[Result "1-0"]
[WhiteElo "2594"]
[BlackElo "2787"]
[TimeControl "180+1"]
[EndTime "11:47:01 PDT"]
[Termination "wild_cat99 won on time"]

1. Nf3 Nf6 2. c4 e6 3. e3 d5 4.
b3 c5 5. Bb2 Nc6 6. cxd5 exd5 7. d4 cxd4 8. Nxd4 Bb4+ 9. Bc3 Qa5 10. Bxb4 Qxb4+ 11. Qd2 Nxd4 12. exd4 Qb6 13. Nc3 O-O 14.
Be2 Re8 15. O-O Bf5 16. Rac1 Rad8 17. Na4 Qd6 18. Nc5 Re7 19. Bf3 Be4 20. Qc3 b6 21. Na6 h6 22. h3 Qa3 23. Qb4 Qxa6 24. Qxe7 Re8 25. Qc7 Bxf3 26. gxf3 Qxa2 27. Ra1 Qxb3 28. Rxa7 Rf8 29. Qf4 Nh5 30. Qf5 g6 31. Qg4 Ng7 32. Qf4 Ne6 33. Qxh6 Nxd4 34. Rfa1 Qxf3 35. Qe3 Qf6 36.
Ra8 Nf3+ 37. Kg2 Nh4+ 38. Kg1 Kg7 39. R1a3 d4 40. Qe4 Qg5+ 41. Kf1 1-0

[Event "*** SCC Grand Prix: Titled Tuesday Blitz"]
[Site "Chess.com"]
[Date "2020.06.02"]
[Round "9"]
[White "Semetey"]
[Black "MirMan90"]
[Result "0-1"]
[WhiteElo "2540"]
[BlackElo "2716"]
[TimeControl "180+1"]
[EndTime "11:47:01 PDT"]
[Termination "MirMan90 won by resignation"]

1. d4 Nf6 2. Nf3 g6 3. Bg5 Bg7 4. c3 h6 5. Bh4 d6 6. Nbd2 g5 7.
Bg3 Nh5 8. e4 Nxg3 9. hxg3 c5 10.
Bc4 Nc6 11. dxc5 dxc5 12. Qe2 Qc7 13. Qe3 b6 14. O-O-O Bb7 15. Bd5 Rd8 16. g4 Ba6 17. g3 e6 18. Bb3 Na5 19. Bc2 b5 20. e5 Bb7 21. Be4 Bxe4 22. Nxe4 O-O 23. Nfxg5 Rxd1+ 24. Rxd1 Nc4 25. Qf3 Qxe5 26. Nh3 b4 27. Nf4 bxc3 28. Nxc3 Rb8 29. Nd3 Qg5+ 30. Qf4 Qxf4+ 31. gxf4 Nxb2 32. Nxb2 Bxc3 33. Nc4 Rb4 34. Rd8+ Kg7 35. Nd6 Rxf4 36. Ne8+ Kg6 37. Kc2 Bd4 38. Kd3 Kg5 39. Nd6 Kxg4 40. Rg8+ Kf3 41. Ne4 Rxe4 42. Rg3+ Kxf2 43. Kxe4 Kxg3 0-1

[Event "*** SCC Grand Prix: Titled Tuesday Blitz"]
[Site "Chess.com"]
[Date "2020.06.02"]
[Round "9"]
[White "CrushingKings"]
[Black "elegant285"]
[Result "0-1"]
[WhiteElo "2485"]
[BlackElo "2393"]
[TimeControl "180+1"]
[EndTime "11:47:01 PDT"]
[Termination "elegant285 won by resignation"]

1. e4 c6 2. Nf3 d5 3. Nc3 dxe4 4.
Nxe4 Nf6 5. Nxf6+ exf6 6. d4 Bd6 7. Be2 O-O 8. h3 Re8 9. O-O Be6 10. Re1 Nd7 11. Be3 Nf8 12. c4 Ng6 13. Bf1 Bc7 14. Qb3 Qd6 15. g3 Qd7 16. h4 b5 17. d5 Bg4 18. dxc6 Qxc6 19. Nd4 bxc4 20. Bxc4 Qd7 21. Bb5 Qd6 22. Bxe8 Rxe8 23. Nb5 Qd7 24. Nxc7 Qxc7 25. Rac1 Qd7 26. Bd4 Rxe1+ 27. Rxe1 Qxd4 28. Re8+ Nf8 29. Qa3 Qd1+ 30. Kh2 h5 31. Qxf8+ Kh7 32. Qe7 Qf1 33. Qe1 Qh3+ 34. Kg1 Bf3 0-1